 Dungeon Crawl Stone Soup version 0.25.0-46-gbd7b0854d2 (webtiles) character file.

Game seed: 17240780695692068339

160 DildoBatman the Conjurer (level 5, 0/35 HPs)
             Began as a Formicid Wizard on July 14, 2020.
             Was an Initiate of Kikubaaqudgha.
             Slain by an orc priest
             ... wielding a cursed -3 flail
              (12 damage)
             ... on level 4 of the Dungeon.
             The game lasted 00:10:40 (3810 turns).

DildoBatman the Conjurer (Formicid Wizard)          Turns: 3810, Time: 00:10:41

Health: 0/35       AC:  5    Str: 12    XL:     5   Next: 69%
Magic:  0/9        EV: 12    Int: 20    God:    Kikubaaqudgha [......]
Gold:   189        SH:  0    Dex:  9    Spells: 3/10 levels left

rFire    . . .     SeeInvis +   b - +0 mace of Dim Light {freeze, Int+2}
rCold    . . .     Gourm    .   (no shield)
rNeg     . . .     Faith    .   q - +0 robe
rPois    .         Spirit   .   (helmet unavailable)
rElec    .         Reflect  .   i - +0 cloak
rCorr    .         Harm     .   n - +0 pair of gloves
MR       .....                  C - +0 pair of boots
Stlth    ++........             (no amulet)
HPRegen  0.11/turn              c - ring of flight
MPRegen  0.11/turn              (no ring)

@: very slightly contaminated
A: permanent stasis, dig shafts and tunnels, four strong arms, antennae 3
a: Dig, Shaft Self, Renounce Religion, Evoke Flight


You were on level 4 of the Dungeon.
You worshipped Kikubaaqudgha.
Kikubaaqudgha was noncommittal.
You were hungry.

You visited 2 branches of the dungeon, and saw 5 of its levels.

You collected 189 gold pieces.

Inventory:

Hand Weapons
 a - a +0 hunting sling
 b - the +0 mace of Dim Light (weapon) {freeze, Int+2}
   (You found it on level 4 of the Dungeon)

   It has been specially enchanted to freeze those struck by it, causing extra
   injury to most foes and up to half again as much damage against particularly
   susceptible opponents.
   It can also slow down cold-blooded creatures.
   It affects your intelligence (+2).
Missiles
 k - a throwing net (quivered)
 m - 27 bolts
 o - 53 sling bullets
 p - 103 stones
 u - 18 arrows
 A - 13 poisoned darts
 D - 13 boomerangs
Armour
 i - a +0 cloak (worn)
 n - a +0 pair of gloves (worn)
 q - a +0 robe (worn)
 C - a +0 pair of boots (worn)
Jewellery
 c - a ring of flight (left hand)
Scrolls
 r - a scroll of enchant armour {unknown}
 t - a scroll of fear {unknown}
 w - 2 scrolls of immolation {unknown}
 x - 3 scrolls of remove curse
 y - a scroll of magic mapping {unknown}
 z - 3 scrolls of identify
 E - a scroll of blinking {unknown}
Potions
 d - 3 potions of berserk rage {unknown}
 e - 2 potions of lignification
 f - a potion of invisibility {unknown}
 g - a potion of flight {unknown}
 h - a potion of ambrosia {unknown}
 j - 4 potions of curing
 l - a potion of cancellation {unknown}
 s - a potion of brilliance {unknown}
 B - a potion of haste {unknown}
Comestibles
 v - 9 rations
 F - 2 chunks of flesh


   Skills:
 - Level 1.7 Dodging
 - Level 2.4 Stealth
 - Level 3.2 Spellcasting
 * Level 4.4 Conjurations
   Level 1.0 Summonings
   Level 0.8 Translocations
 * Level 0.8 Fire Magic
 * Level 0.5 Air Magic


You had 3 spell levels left.
You knew the following spells:

 Your Spells              Type           Power        Failure   Level  Hunger
a - Conjure Flame         Conj/Fire      ##......     14%         3    ###....
c - Magic Dart            Conj           ###.         2%          1    None
e - Mephitic Cloud        Conj/Pois/Air  #.......     22%         3    ###....

Your spell library contained the following spells:

 Spells                   Type           Power        Failure   Level  Hunger
 Apportation              Tloc           #.....       10%         1    None
 Summon Small Mammal      Summ           #...         10%         1    None
 Animate Skeleton         Necr           N/A          14%         1    None
 Corona                   Hex            #......      14%         1    None
 Call Imp                 Summ           #.......     14%         2    ##.....
 Slow                     Hex            #.......     22%         2    ##.....
 Gell's Gravitas          Tloc           #.........   28%         3    ###....
 Confusing Touch          Hex            #.......     38%         3    ###....
 Petrify                  Tmut/Erth      #.......     80%         4    ####...
 Metabolic Englaciation   Hex/Ice        #.........   98%         5    ######.
 Yara's Violent Unravell  Hex/Tmut       #.........   98%         5    ######.
 Blink                    Tloc           Unusable     N/A         2    N/A

Dungeon Overview and Level Annotations

Branches:
Dungeon (4/15)             Temple (1/1) D:4

Altars:
Ashenzari
Cheibriados
Dithmenos
Elyvilon
Gozag
Hepliaklqana
Kikubaaqudgha
Makhleb
Nemelex Xobeh
Okawaru
Qazlal
Ru
Sif Muna
Trog
Vehumet
Wu Jian
Xom
Zin
The Shining One

Annotations:
D:2 Natasha
D:3 exclusions: quokka and 1 more exclusion


Innate Abilities, Weirdness & Mutations

You cannot be hasted, slowed, berserked, paralysed or teleported.
You can dig through walls and to a lower floor.
Your four strong arms can wield two-handed weapons with a shield.
You have a pair of large antennae on your head. (SInv)


Message History

Aim: an orc priest, wielding a -3 flail and wearing a +0 ring mail You miscast Mephitic Cloud.
Nothing appears to happen.
You feel clever.
The +0 mace of Dim Light {freeze, Int+2} glows with a cold blue light!
b - the +0 mace of Dim Light (weapon)
{freeze, Int+2} The orc priest hits you with a cursed -3 flail.
You barely miss the orc priest. The orc priest closely misses you.
You barely miss the orc priest.
The orc priest hits you with a cursed -3 flail.
Casting: Mephitic Cloud (quite dangerous; 22% risk of failure)
Confirm with . or Enter, or press ? or * to list all spells.
You don't have enough magic to cast that spell.
You hit the orc priest. You freeze the orc priest.
The orc priest is moderately wounded.
The orc priest hits you with a cursed -3 flail!
You die...
Kikubaaqudgha rasps: "You have failed me!
Welcome... death!"

#.............>......#
+....................#
#.............)......#
################.....#
##.....#.......#.....#
.......#.......#.....#
.......#.....o.#.....#
.......+.......#.....#
.......#..†....#@....#
####..##.##....#o....#
####..##.##....#.....#
...#.....#.....#.....#
...+)....#.....#.....#
####...........'.....#
...#..##.###...#)....#
...#.)##.###...#(....#
...+.......#...+.....#


You could see an orc priest.

Vanquished Creatures
  A centaur skeleton (D:4)
  An orc wizard (D:4)
  A worker ant (D:4)
  2 adders (D:2)
  An adder skeleton (D:4)
  A leopard gecko (D:4)
  13 orcs (D:4)
  4 bats (D:1)
  3 giant cockroaches
  6 goblins
  4 hobgoblins
  2 jackals (D:4)
  A quokka (D:3)
  2 kobolds
  2 leopard gecko skeletons (D:4)
  2 rats
46 creatures vanquished.

Notes
Turn   | Place    | Note
-------+----------+-------------------------------------------
     0 | D:1      | DildoBatman the Formicid Wizard began the quest for the
                  | Orb.
     0 | D:1      | Reached XP level 1. HP: 13/13 MP: 4/4
    29 | D:1      | Reached skill level 1 in Conjurations
   391 | D:1      | Reached XP level 2. HP: 19/19 MP: 0/6
   519 | D:1      | Reached skill level 2 in Conjurations
  1207 | D:2      | Reached XP level 3. HP: 24/24 MP: 3/7
  1218 | D:2      | Learned a level 3 spell: Conjure Flame
  1222 | D:2      | Learned a level 3 spell: Mephitic Cloud
  1919 | D:3      | Noticed Natasha
  1952 | D:3      | Reached skill level 3 in Conjurations
  2068 | D:3      | Found a white marble altar of Elyvilon.
  2409 | D:4      | Found a burning altar of Makhleb.
  2411 | D:4      | Got a brightly glowing mace
  2412 | D:4      | Identified the cursed +0 mace of Dim Light {freeze, Int+2}
                  | (You found it on level 4 of the Dungeon)
  2451 | D:4      | Found a staircase to the Ecumenical Temple.
  2461 | Temple   | Entered the Ecumenical Temple
  2678 | Temple   | Became a worshipper of Kikubaaqudgha
  2762 | D:4      | Reached XP level 4. HP: 22/30 MP: 1/8
  3090 | D:4      | Reached skill level 4 in Conjurations
  3090 | D:4      | Reached XP level 5. HP: 16/35 MP: 0/9
  3810 | D:4      | Slain by an orc priest

Illustrated notes

Levels and vault maps discovered:
D:1:      minmay_arrival_nine_rooms, layout_basic
D:2:      layout_basic
D:3:      layout_basic, elyvilon_altar_4, uniq_natasha
D:4:      layout_gridville, lemuel_crystal_altar, minmay_temple_entry_mist,
          first_ration, minmay_box_of_dots
Temple:   dpeg_five_rooms_temple

Skill      XL: |  1  2  3  4 |
---------------+-------------+-----
Conjurations   | 1 2 3 4 |  4.4
Dodging        | |  1.7
Stealth        | |  2.4
Spellcasting   | |  3.2
Summonings     | |  1.0
Translocations | |  0.8
Fire Magic     | |  0.8
Air Magic      | |  0.5

Action                   |  1- 3 |  4- 6 || total
-------------------------+-------+-------++-------
Melee: Unarmed           |     1 |       ||     1
       Mace              |     5 |    35 ||    40
 Fire: Hunting sling     |    17 |    51 ||    68
 Cast: Magic Dart        |    52 |    20 ||    72
       Conjure Flame     |     1 |     1 ||     2
       Mephitic Cloud    |       |     1 ||     1
 Abil: Dig               |     4 |     1 ||     5
  Use: Scroll            |     6 |       ||     6
       Potion            |       |     1 ||     1
  Eat: Chunk             |     4 |     2 ||     6
       Ration            |       |     1 ||     1
Armor: Robe              |     4 |    17 ||    21
Dodge: Dodged            |     9 |    41 ||    50
